 Dungeon Crawl Stone Soup version 0.24.1-8-ga250c9d538 (webtiles) character file.

Game seed: 1618904357367382771, levelgen mode: deterministic

25 Peloso the Skirmisher (level 2, -1/24 HPs)
             Began as a Demonspawn Fighter on Apr 27, 2020.
             Slain by a hobgoblin
             ... wielding a +0 club
              (2 damage)
             ... on level 1 of the Dungeon.
             The game lasted 00:00:36 (239 turns).

Peloso the Skirmisher (Demonspawn Fighter)           Turns: 239, Time: 00:00:37

Health: -1/24      AC:  6    Str: 16    XL:     2   Next: 86%
Magic:  2/2        EV:  6    Int:  9    God:
Gold:   2          SH:  9    Dex: 12    Spells: 1/1 levels left

rFire    . . .     SeeInvis .   a - +0 long sword
rCold    . . .     Gourm    .   c - +0 shield
rNeg     . . .     Faith    .   b - +0 scale mail
rPois    .         Spirit   .   (helmet restricted)
rElec    .         Reflect  .   (no cloak)
rCorr    .         Harm     .   (no gloves)
MR       .....                  (no boots)
Stlth    ..........             (no amulet)
HPRegen  0.08/turn              (no ring)
MPRegen  0.08/turn              (no ring)

@: no status effects
A: antennae 1
a: no special abilities


You were on level 1 of the Dungeon.
You were not hungry.

You visited 1 branch of the dungeon, and saw 1 of its levels.

You collected 2 gold pieces.

Inventory:

Hand Weapons
 a - a +0 long sword (weapon)
Armour
 b - a +0 scale mail (worn)
 c - a +0 shield (worn)
Scrolls
 e - a scroll of magic mapping {unknown}
Potions
 d - a potion of might
Comestibles
 f - 2 rations


   Skills:
 + Level 3.2 Fighting
 + Level 2.1 Long Blades
 + Level 2.8 Armour
 + Level 3.2 Shields


You had one spell level left.
You didn't know any spells.
Your spell library was empty.

Dungeon Overview and Level Annotations

Branches:
Dungeon (1/15)

Altars:


Innate Abilities, Weirdness & Mutations

You have a pair of small antennae on your head.


Message History

The bat hits you.
* * * LOW HITPOINT WARNING * * *
The leopard gecko bites you but does no damage.
You block the hobgoblin's attack. The leopard gecko bites you.
* * * LOW HITPOINT WARNING * * *
The bat hits you but does no damage. The kobold hits you but does no damage.
You block the bat's attack.
Unknown command.
The bat hits you but does no damage. The bat closely misses you.
Unknown command.
Unknown command.
You closely miss the kobold. You block the bat's attack.
You block the hobgoblin's attack. The kobold barely misses you.
You riposte.
You slash the kobold!
You kill the kobold!
The leopard gecko bites you.
* * * LOW HITPOINT WARNING * * *
Unknown command.
The bat hits you but does no damage. The hobgoblin hits you with a +0 club.
You die...

..8. #........).. .....
.##.##.###. ...... ##.##.#
#. #)##...##...#.# #.
####.###.........# #.
###..... ..##...#####.
#....l.# ##)..†.... #...bg.#
########. #.....@# ####.
.#####......♣ ♣♣ ##....
............♣♣♣. ♣P.♣#...#.
.#####.###..... ..........
#.....♣♣PP. ..♣#...##
#.....♣♣♣♣ ##.## #.###....#
..#####.###
.#####.###..#.##...........
................#.######.###


You could see a leopard gecko, a hobgoblin and a bat.

Vanquished Creatures
  An ooze (D:1)
  2 dart slugs (D:1)
  2 bats (D:1)
  A goblin (D:1)
  A hobgoblin (D:1)
  6 jackals (D:1)
  2 kobolds (D:1)
15 creatures vanquished.

Notes
Turn   | Place    | Note
-------+----------+-------------------------------------------
     0 | D:1      | Peloso the Demonspawn Fighter began the quest for the Orb.
     0 | D:1      | Reached XP level 1. HP: 18/18 MP: 1/1
    33 | D:1      | Gained mutation: You have a pair of small antennae on your
                  | head. [demonic ancestry]
    33 | D:1      | Reached XP level 2. HP: 3/24 MP: 2/2
   235 | D:1      | HP: 1/24 [leopard gecko (3)]
   239 | D:1      | Slain by a hobgoblin

Levels and vault maps discovered:
D:1:      nicolae_arrival_somewhat_less_tricky_arrival, layout_loops_ring,
          serial_forest, infiniplex_forest_clump_double,
          infiniplex_forest_clump_large, infiniplex_forest_lined_room_2,
          infiniplex_forest_zigzag_2, infiniplex_forest_straight_5,
          infiniplex_forest_lined_corner, infiniplex_forest_straight_3,
          minivault_27, minmay_misc_feat_iff

Skill      XL: |  1  2 |
---------------+-------+-----
Shields        | 3 |  3.2
Long Blades    | 2 |  2.1
Fighting       | |  3.2
Armour         | |  2.8

Action                   || total
-------------------------++-------
Melee: Long sword        ||    33
  Use: Potion            ||     1
Armor: Scale mail        ||    34
Dodge: Dodged            ||    10
Block: Shield            ||    36
       Rpst.: Long sword ||     2
